AoeStats
← 先督瑞拉

Black Forest

509568758Analyzed
4v4 RM · 4d ago on Sep 27, 2026· 35m 12s· 8 players
Game mode
Random Map
Map size
Large (8 player)
Population
200
Speed
Normal
Resources
Standard
Victory
Conquest
Starting age
Dark Age
Ending age
Imperial Age
RankedLock teamsTeams togetherTeam positionsShared explorationLock speedFull tech treeHidden civsTurbo modeCheats
Victory
Defeat
🇨🇳 Japanese · China
1293
+14
🇨🇳 Spanish · China
1282
+15
🇦🇷 Inca · Argentina
1276
+15
🇫🇷 Malians · France
1270
+15
🇺🇸 Burmese · United States
1429
-22
🇷🇺 Slavs · Russia
1216
-13
🇷🇺 Saracens · Russia
1186
-12
🇬🇧 Muisca · United Kingdom
1183
-12
2110316511
0:27 Loom
11:12 Feudal Age
15:44 Castle Age
13:45 Double-Bit Axe
13:42 Horse Collar
18:10 Bow Saw
23:47 Fortified Wall
27:14 Wheelbarrow
30:10 Imperial Age
28:04 Guard Tower
28:59 Ballistics
28:33 Treadmill Crane
28:44 Fletching
31:47 Keep
31:11 Bodkin Arrow
32:15 Conscription
34:16 Bracer
Rpt
1:30 Loom
13:29 Feudal Age
17:40 Castle Age
15:44 Stone Mining
15:58 Double-Bit Axe
20:18 Forging
20:09 Scale Mail Armor
20:09 Town Watch
22:51 Chain Mail Armor
23:15 Iron Casting
23:23 Stone Shaft Mining
24:23 Wheelbarrow
25:51 Gold Mining
33:09 Imperial Age
33:13 Elite Gbeto
34:14 Conscription
34:49 Plate Mail Armor
先督瑞拉
10:56 Feudal Age
14:56 Castle Age
13:06 Horse Collar
13:52 Double-Bit Axe
16:11 Bow Saw
21:14 Padded Archer Armor
21:18 Husbandry
22:47 Leather Archer Armor
24:19 Wheelbarrow
24:19 Bloodlines
25:28 Hand Cart
28:16 Heavy Plow
30:13 Gold Mining
31:32 Town Watch
31:33 Loom
35:04 Imperial Age
33:05 Stone Mining
Loius
1:23 Loom
13:37 Feudal Age
14:14 Double-Bit Axe
20:01 Castle Age
18:05 Horse Collar
18:18 Stone Mining
24:16 Forging
24:07 Scale Mail Armor
25:36 Wheelbarrow
26:33 Iron Casting
26:14 Chain Mail Armor
28:28 Hand Cart
30:33 Caravan
34:16 Imperial Age
35:17 Chain Mail Armor
36:03 Blast Furnace
Sega Mega Drive
0:54 Loom
12:48 Feudal Age
13:40 Double-Bit Axe
18:29 Castle Age
19:54 Bow Saw
19:48 Horse Collar
22:52 Stone Mining
22:53 Gold Mining
23:10 Heavy Plow
22:58 Fishing Lines
24:06 Gillnets
24:54 Gold Shaft Mining
25:34 Wheelbarrow
24:44 Town Watch
34:04 Fletching
34:26 Forging
xSantalogx
1:25 Loom
12:19 Feudal Age
13:53 Double-Bit Axe
16:15 Castle Age
14:24 Horse Collar
16:52 Wheelbarrow
29:09 Imperial Age
30:08 Gold Mining
30:31 Bow Saw
30:24 Padded Archer Armor
30:15 Fletching
30:27 Squires
31:14 Ballistics
31:55 Chemistry
31:22 Conscription
32:11 Hand Cart
31:43 Town Watch
34:13 Leather Archer Armor
33:53 Bodkin Arrow
35:14 Scale Mail Armor
CivitasDei
0:48 Loom
14:26 Feudal Age
16:16 Double-Bit Axe
20:42 Castle Age
18:40 Horse Collar
20:44 Gold Mining
21:39 Crossbowman
Danilo Solari
11:01 Feudal Age
15:30 Castle Age
13:23 Horse Collar
16:39 Wheelbarrow
17:01 Redemption
18:07 Gold Mining
20:38 Sanctity
24:14 Fervor
25:54 Herbal Medicine
31:56 Imperial Age
30:03 Gold Shaft Mining
30:31 Scale Barding Armor
30:37 Forging
34:22 Chain Barding Armor
34:37 Iron Casting
33:59 Loom
34:51 Bloodlines
34:51 Husbandry
Connection lost

Rejoining the realm…

Still unreachable

The connection could not be restored.

Session expired

The server has moved on; the page needs a fresh start.